 Dungeon Crawl Stone Soup version 0.21.0-3-g78d12a8 (webtiles) character file.

592 MTVSty1e the Digger (level 7, 0/57 HPs)
             Began as a White Draconian Earth Elementalist on Jan 13, 2018.
             Was an Initiate of Cheibriados.
             Killed from afar by Blork the orc (1 damage)
             ... with a puff of frost
             ... on level 5 of the Dungeon.
             The game lasted 00:18:50 (6565 turns).

MTVSty1e the Digger (DrEE)                          Turns: 6565, Time: 00:18:50

Health: 0/57       AC:  6    Str: 14    XL:     7   Next: 16%
Magic:  3/10       EV: 12    Int: 18    God:    Cheibriados [......]
Gold:   268        SH:  0    Dex: 13    Spells: 1/10 levels left

rFire    . . .     SeeInvis .   n - +0 dagger (freeze)
rCold    + . .     Gourm    .   (no shield)
rNeg     . . .     Faith    .   (armour unavailable)
rPois    .         Spirit   .   (helmet restricted)
rElec    .         Reflect  .   (no cloak)
rCorr    .         Harm     .   (no gloves)
MR       +....                  (no boots)
Stlth    ++........             (no amulet)
HPRegen  0.19/turn              m - +3 ring of strength
MPRegen  0.12/turn              p - ring of protection from magic

@: short of breath, very slow
A: breathe frost, unfitting armour, cold resistance 1, cold-blooded, AC +6
a: Breathe Frost, Bend Time, Renounce Religion


You were on level 5 of the Dungeon.
You worshipped Cheibriados.
Cheibriados was noncommittal.
You were very hungry.

You visited 2 branches of the dungeon, and saw 7 of its levels.

You collected 268 gold pieces.

Inventory:

Hand Weapons
 e - a +2 short sword of speed
 n - a +0 dagger of freezing (weapon)
Missiles
 b - 108 stones (quivered)
Jewellery
 l - an uncursed amulet of guardian spirit
 m - a +3 ring of strength (left hand)
 p - a ring of protection from magic (right hand)
Scrolls
 a - 2 scrolls of identify
 i - 2 scrolls of remove curse
 j - 5 scrolls of amnesia
Books
 d - a book of Geomancy

   Spells                             Type                      Level
   a - Sandblast                      Earth                        1
   b - Passwall                       Transmutation/Earth          2
   c - Stone Arrow                    Conjuration/Earth            3
   d - Petrify                        Transmutation/Earth          4
   e - Lee's Rapid Deconstruction     Earth                        5
Comestibles
 c - 6 rations


   Skills:
 + Level 3.5 Fighting
 * Level 4.5 Short Blades
 - Level 1.7 Dodging
 - Level 1.7 Stealth
 - Level 0.7 Unarmed Combat
 - Level 2.0 Spellcasting
   Level 1.0 Transmutations
 * Level 5.7 Earth Magic


You had one spell level left.
You knew the following spells:

 Your Spells              Type           Power        Failure   Level  Hunger
a - Sandblast             Erth           ###...       1%          1    #......
b - Stone Arrow           Conj/Erth      ##....       17%         3    ###....
c - Lee's Rapid Deconstr  Erth           ###.......   43%         5    ######.


Dungeon Overview and Level Annotations

Branches:
Dungeon (6/15)             Temple (1/1) D:5

Altars:
Ashenzari
Cheibriados
Dithmenos
Elyvilon
Fedhas
Gozag
Hepliaklqana
Kikubaaqudgha
Makhleb
Nemelex Xobeh
Okawaru
Qazlal
Ru
Sif Muna
Trog
Uskayaw
Vehumet
Wu Jian
Xom
Yredelemnul
Zin
The Shining One

Shops:
D:4 [

Annotations:
D:5 Blork the orc


Innate Abilities, Weirdness & Mutations

You can breathe waves of freezing cold.
You can buffet flying creatures when you breathe cold.
Your icy white scales are hard. (AC +6)
You cannot fit into any form of body armour.
Your flesh is cold resistant. (rC+)
You are cold-blooded and may be slowed by cold attacks.


Message History

* * * LOW HITPOINT WARNING * * *
You feel sick.
You are no longer poisoned.
Press: ? - help, Shift-Dir - straight line, f - Blork the orc
Aim: Blork the orc, wielding a mace and wearing a robe (fast)
You exhale a wave of freezing cold.
The freezing breath hits Blork the orc.
Blork the orc is lightly wounded.
You feel somewhat more hungry. Blork the orc closely misses you.
The orc wizard hits you but does no damage.
Blork the orc casts a spell at you. The puff of flame hits you!
* * * LOW HITPOINT WARNING * * *
Okay, then.
You aren't carrying any potions.
The orc wizard points at you and mumbles some strange words.
The puff of flame hits you!
* * * LOW HITPOINT WARNING * * *
Blork the orc casts a spell at you. The puff of frost hits you! You resist.
You die...

....#...........'..............#.
....#...........###'#####......#.
....#...................########.
....#.............>.....# #.
....#...................# #.
....#.....######........# #.
....+.....#....#........# #.
#####.....#....#........# #.
..........#[...#@.......# #.
..........)....#oo......# #.
..........#>...#........## ##
..........#'####.........#
.........................#
....######...............# ....
#...............# ..
#...............# .
#...............#


You could see Blork the orc and an orc wizard.

Vanquished Creatures
  An ogre (D:5)
  A crimson imp (D:5)
  A jelly (D:5)
  2 orc priests
  A centaur skeleton (D:4)
  An orc wizard (D:5)
  Jessica (D:2)
  An iguana (D:4)
  3 worker ants
  7 adders
  4 worms
  2 dart slugs
  6 leopard geckos
  16 orcs
  2 ball pythons
  4 giant cockroaches
  5 goblins
  14 hobgoblins
  5 jackals (D:3)
  2 kobolds
  4 quokkas
  14 bats
  4 frilled lizards
  A jackal skeleton (D:4)
  2 quokka skeletons (D:5)
  A quokka zombie (D:5)
  7 rats
112 creatures vanquished.

Notes
Turn   | Place    | Note
-------+----------+-------------------------------------------
     0 | D:1      | MTVSty1e the Draconian Earth Elementalist began the quest for the Orb.
     0 | D:1      | Reached XP level 1. HP: 14/14 MP: 3/3
   769 | D:1      | Reached XP level 2. HP: 22/22 MP: 5/5
  1025 | D:1      | Reached skill level 1 in Fighting
  1345 | D:2      | Reached skill level 1 in Short Blades
  1345 | D:2      | Reached XP level 3. HP: 26/28 MP: 4/6
  1428 | D:2      | Noticed Jessica
  1432 | D:2      | Killed Jessica
  1492 | D:2      | Found a faded altar of an unknown god.
  1501 | D:2      | Learned a level 3 spell: Stone Arrow
  1539 | D:2      | Reached XP level 4. HP: 22/35 MP: 0/7
  1647 | D:2      | Reached skill level 4 in Earth Magic
  2468 | D:3      | Reached XP level 5. HP: 36/41 MP: 8/8
  2621 | D:3      | Found a shimmering altar of Xom.
  2957 | D:4      | Found Yscher's Armour Shoppe.
  3794 | D:3      | Reached XP level 6. HP: 34/50 MP: 1/9
  3829 | D:3      | Learned a level 5 spell: Lee's Rapid Deconstruction
  4142 | D:4      | Reached skill level 5 in Earth Magic
  5045 | D:5      | Entered Level 5 of the Dungeon
  5327 | D:5      | Found a staircase to the Ecumenical Temple.
  5333 | Temple   | Entered the Ecumenical Temple
  5556 | Temple   | Became a worshipper of Cheibriados the Contemplative
  6124 | D:5      | Your scales start taking on an icy white colour.
  6124 | D:5      | Reached XP level 7. HP: 57/57 MP: 10/10
  6124 | D:5      | Gained mutation: Your flesh is cold resistant. (rC+) [White Draconian growth]
  6442 | D:5      | Noticed Blork the orc
  6564 | D:5      | HP: 2/57 [Blork the orc/puff of flame (6)]
  6565 | D:5      | Killed from afar by Blork the orc

Skill      XL: |  1  2  3  4  5  6 |
---------------+-------------------+-----
Fighting       | 1 2 3 |  3.5
Short Blades   | 1 2 3 4 |  4.5
Earth Magic    | 4 5 |  5.7
Dodging        | |  1.7
Stealth        | |  1.7
Unarmed Combat | |  0.7
Spellcasting   | |  2.0
Transmutations | |  1.0

Action                   |  1- 3 |  4- 6 |  7- 9 || total
-------------------------+-------+-------+-------++-------
Melee: Unarmed           |    30 |       |       ||    30
       Short sword       |    61 |   231 |       ||   292
       Tailslap          |     4 |    30 |     3 ||    37
       Dagger            |       |    56 |    32 ||    88
       Punch             |       |     1 |       ||     1
 Cast: Sandblast         |     9 |    15 |     1 ||    25
       Stone Arrow       |     1 |    10 |     2 ||    13
       Lee's Rapid Decon |       |     2 |     1 ||     3
 Abil: Breathe Frost     |       |       |     2 ||     2
  Use: Scroll            |       |     2 |     5 ||     7
       Potion            |       |     4 |       ||     4
 Stab: Sleeping          |     3 |     7 |       ||    10
       Distracted        |       |     1 |       ||     1
  Eat: Chunk             |     2 |     4 |     1 ||     7
       Ration            |       |     4 |       ||     4
Armor: Skin              |    39 |    67 |     9 ||   115
Dodge: Dodged            |    65 |   151 |    23 ||   239
